Map: Dusk Towers

Players

Miszu

  • Race: Terran Terran
  • League: Master

Crow - Winner!

  • Race: Zerg Zerg
  • League: Grandmaster

VOD

Have the link to the VOD?

Description

Time

  • Played on: March 21, 2016, 4:50 p.m.
  • Length: 5:33
Show
View Real Time Build Order
Export as new Build Order

Miszu Terran 

Build Orders:  

Get SALT Encoding   

  12  0:00  SCV  
  13  0:13  SCV  
  14  0:17  Supply Depot  
  14  0:25  SCV  
  15  0:39  SCV  
  16  0:44  Barracks  
  16  0:47  Refinery  
  16  0:51  SCV  
  17  1:03  SCV  
  18  1:15  SCV  
  19  1:31  Orbital Command  
  19  1:37  Barracks Reactor  
  19  1:40  Command Center  
  19  1:49  Supply Depot  
  19  1:56  SCV  
  20  2:09  SCV  
  20  2:13  Reaper x2  
  23  2:21  SCV  
  24  2:27  Command Center  
  24  2:33  SCV  
  25  2:45  Reaper x2, SCV  
  28  2:53  Orbital Command  
  28  2:57  SCV  
  29  3:03  Refinery  
  29  3:07  Barracks  
  29  3:09  Barracks, SCV  
  30  3:21  SCV x2  
  30  3:25  Reaper  
  30  3:26  Reaper  
  34  3:33  SCV  
  34  3:34  SCV  
  36  3:39  Orbital Command  
  36  3:42  Refinery  
  36  3:44  Refinery  
  36  3:45  SCV  
  36  3:46  SCV  
  38  3:56  Factory, Barracks Tech Lab  
  38  3:57  SCV  
  38  3:58  Barracks Tech Lab, SCV  
  38  4:00  Marine  
  41  4:05  SCV  
  41  4:09  SCV  
  43  4:10  SCV  
  43  4:13  Marine  
  43  4:15  Marine  
  46  4:17  SCV  
  46  4:19  Marine  
  46  4:21  SCV  
  46  4:23  Engineering Bay x2  
  49  4:24  SCV  
  49  4:29  SCV  
  51  4:33  SCV  
  52  4:41  Marine  
  52  4:42  Marine x3  
  50  4:53  SCV  
  50  4:59  Marine  
  52  5:00  Marine x3  
  52  5:02  Supply Depot  
  52  5:04  Factory Reactor  
  52  5:05  SCV  
  52  5:06  Starport, SCV  
  57  5:17  SCV  
  57  5:18  SCV  
  61  5:22  Bunker  
  63  5:28  Barracks  
  63  5:30  Barracks  
Show
View Real Time Build Order
Export as new Build Order

Crow Zerg - Winner!

Build Orders: Hatch First 

Get SALT Encoding   

  12  0:00  Drone  
  13  0:13  Overlord  
  13  0:17  Drone  
  14  0:31  Drone x2  
  16  0:35  Drone  
  17  0:52  Hatchery  
  17  0:54  Drone  
  17  0:57  Drone  
  18  1:08  Extractor  
  17  1:12  Spawning Pool  
  17  1:15  Drone  
  17  1:20  Drone  
  18  1:35  Drone  
  19  1:44  Overlord  
  19  1:51  Drone  
  20  1:59  Queen  
  22  2:03  Zergling x2  
  22  2:04  Zergling x2, Queen  
  26  2:10  Metabolic Boost  
  26  2:12  Drone  
  27  2:17  Drone  
  28  2:23  Drone  
  28  2:25  Drone  
  30  2:32  Overlord  
  30  2:35  Queen  
  32  2:37  Drone  
  33  2:45  Drone  
  33  2:47  Drone  
  33  2:49  Pneumatized Carapace  
  35  2:58  Zergling x2  
  35  3:01  Drone  
  36  3:07  Drone x4  
  36  3:10  Overlord  
  40  3:16  Drone x3  
  43  3:27  Overlord  
  43  3:37  Drone x3  
  43  3:38  Queen  
  43  3:41  Hatchery  
  47  3:50  Overlord  
  47  3:55  Baneling Nest  
  46  3:56  Extractor  
  46  4:02  Zergling x12  
  51  4:16  Overlord  
  51  4:18  Zergling x14  
  58  4:24  Overlord  
  58  4:27  Zergling x2  
  59  4:37  Zergling x4  
  61  4:45  Zergling x4  
  60  4:52  Zergling x12  
  64  4:57  Zergling x2  
  65  5:03  Evolution Chamber x2  
  65  5:04  Zergling x2  
  65  5:05  Zergling x4  
  66  5:08  Baneling x11  
  66  5:09  Baneling x3  
Tags
 
Add a new tag
Caveats
  • Supply blocks, unpowered buildings, or Contaminate may cause inaccurate times.
  • Supply counts are checked every 10 seconds.